 Dungeon Crawl Stone Soup version 0.17-a0-2069-g0f4ee5b (webtiles) character file.

11779 4thArraOfDagon the Cleaver (level 11, 0/106 HPs)
             Began as a Deep Dwarf Berserker on Oct 13, 2015.
             Was a Priest of Trog.
             Slain by a cyclops (21 damage)
             ... on level 4 of the Shoals.
             The game lasted 00:18:57 (2824 turns).

4thArraOfDagon the Cleaver (Deep Dwarf Berserker)   Turns: 2824, Time: 00:18:57

Health: 0/106      AC: 19    Str: 21    XL:     11   Next: 53%
Magic:  11/11      EV:  7    Int: 15    God:    Trog [***...]
Gold:   211        SH:  0    Dex: 12    Spells: 0 memorised, 10 levels left

rFire  + . .     SeeInvis .     l - +1 battleaxe "Addi" {flame, rF+ Int+4}
rCold  . . .     Clarity  .     x - +0 plate armour
rNeg   . . .     SustAt   .     (no shield)
rPois  .         Gourm    .     (no helmet)
rElec  .         Spirit   .     w - +0 cloak
rCorr  .         Warding  .     v - +0 pair of gloves (curse)
rMut   .         Stasis   .     C - +0 pair of boots
MR     +++..                    (no amulet)
Stlth  ..........               y - -3 ring of protection (curse)
                                F - +3 ring of protection

@: exhausted, non-regenerating, slowed, very slow, extremely resistant to
hostile enchantments, extremely unstealthy
A: damage resistance, recharge devices, sense surroundings 2, slow regeneration
3
a: Device Recharging, Burn Spellbooks, Berserk, Trog's Hand, Renounce Religion


You were on level 4 of the Shoals.
You worshipped Trog.
Trog was most pleased with you.
You were very hungry.

You visited 3 branches of the dungeon, and saw 18 of its levels.
You also visited: Sewer.

You collected 250 gold pieces.
You spent 39 gold pieces at shops.

Inventory:

Hand Weapons
 a - a +0 hand axe
 g - a +1 war axe
 h - a +0 blowgun
 l - the +1 battleaxe "Addi" (weapon) {flame, rF+ Int+4}
   (You acquired it on level 3 of the Lair of Beasts)

   It has been specially enchanted to burn those struck by it, causing extra
   injury to most foes and up to half again as much damage against particularly
   susceptible opponents.
   Big, fiery blades are also staple armaments of hydra-hunters.
   It affects your intelligence (+4).
   It protects you from fire.
 G - the +7 arbalest of Salt {freeze, Int+7, unknown}
   (You took it off a merfolk on level 3 of the Shoals)

   It causes projectiles fired from it to freeze those they strike, causing
   extra injury to most foes and up to half again as much damage against
   particularly susceptible opponents.
   They can also slow down cold-blooded creatures.
   It affects your intelligence (+7).
Missiles
 i - 17 poisoned needles
 n - a throwing net
 r - 3 tomahawks of dispersal (quivered)
Armour
 v - a cursed +0 pair of gloves (worn)
 w - a +0 cloak (worn)
 x - a +0 plate armour (worn)
 C - a +0 pair of boots (worn)
Jewellery
 y - a cursed -3 ring of protection (right hand)
 F - a +3 ring of protection (left hand)
Wands
 q - a wand of random effects (36)
Scrolls
 c - 5 scrolls of identify
 e - 2 scrolls of magic mapping
 p - a scroll of recharging {unknown}
Potions
 f - a potion of agility
 j - a potion of flight
 k - 6 potions of might
 m - 5 potions of curing
 o - 2 potions of brilliance
 s - a potion of cancellation {unknown}
 u - a potion of degeneration {unknown}
 z - a potion of berserk rage {unknown}
 A - 2 potions of poison {unknown}
 B - a potion of resistance {unknown}
Books
 t - a book of Changes

   Spells                             Type                      Level
   a - Beastly Appendage              Transmutation                1
   b - Sticks to Snakes               Transmutation                2
   c - Spider Form                    Transmutation/Poison         3
   d - Ice Form                       Ice/Transmutation            4
   e - Blade Hands                    Transmutation                5
   Trog disapproves of the use of such an item.
Comestibles
 b - 2 meat rations
 d - 3 chunks of flesh
 D - 2 bread rations
 E - a beef jerky


   Skills:
 + Level 9.0 Fighting
 * Level 14.1 Axes
 + Level 10.2 Armour
 - Level 2.1 Dodging


You had 10 spell levels left.
You didn't know any spells.

Dungeon Overview and Level Annotations

Branches:
Dungeon (11/15)            Temple (0/1) D:5            Lair (3/8) D:10
 Shoals (4/4) Lair:3
  Snake: Lair:3-6    Spider: Lair:3-6       Orc: D:9-12

Altars:
Fedhas
Kikubaaqudgha

Shops:
D:6 !

Annotations:
D:9 Maurice
Shoals:3 exclusion: upstairs


Innate Abilities, Weirdness & Mutations

You are resistant to damage.
You can recharge devices by infusing magical energy.
You passively map the area around you.
You do not regenerate naturally.


Message History

Trog accepts your kill.
Unknown command.
Unknown command.
You hit the cyclops. You burn the cyclops.
The cyclops is moderately wounded.
You are no longer berserk.
You pass out from exhaustion.
You feel yourself slow down.
You are feeling very hungry.
The cyclops hits you!
* * * LOW HITPOINT WARNING * * *
The cyclops completely misses you.
You can move again.
Unknown command.
Unknown command.
Use which ability?
Your skin crawls.
You feel resistant to hostile enchantments.
You feel slightly more hungry. The cyclops hits you!!
You die...

,
≈≈≈≈≈≈.........≈≈≈≈≈≈≈
* , ≈≈
≈≈≈≈............≈≈≈≈≈≈
* ≈ ≈ ≈
≈≈≈≈≈............≈≈≈≈≈
≈ ≈ ≈≈≈.............≈≈
≈ ≈
≈≈≈.............≈≈≈ ≈
* ≈ ≈≈≈≈.....#####≈≈≈≈
≈ ≈≈≈≈....##...##≈≈.≈≈
*≈ ≈≈≈≈..†.#)....#≈) ≈
≈ ≈ ≈≈≈≈≈≈..(@)≈)).# ≈
≈ ≈≈≈≈≈...#C≈≈..#
≈≈≈≈≈≈≈.##≈≈.##≈ ≈ ≈
≈≈≈≈≈≈≈≈≈ #### ≈ ≈
≈≈≈≈≈≈≈≈≈ ≈≈ ≈≈ ≈ ≈
≈≈≈≈≈≈≈≈≈≈≈ ≈ ≈≈ ≈
≈≈≈≈≈≈≈≈≈≈≈ ≈≈ ≈≈ ≈≈ ≈
≈≈≈≈≈≈≈≈≈≈≈ ≈≈ *** * *
* * **


You could see a cyclops.

Vanquished Creatures
  A hydra (Lair:3)
  A sea snake (Shoals:1)
  4 harpies
  3 manticores
  A water nymph (Shoals:4)
  5 sirens
  A centaur skeleton (D:8)
  A spiny frog (Lair:3)
  A komodo dragon (Lair:2)
  3 merfolk
  A blink frog (Lair:2)
  A two-headed ogre (D:8)
  A water elemental (Shoals:4)
  A basilisk (Lair:2)
  4 yaks
  A deep elf fighter (D:10)
  3 hippogriffs
  A water moccasin (Lair:3)
  An ice beast (D:8)
  An orc warrior (D:8)
  A porcupine (Lair:3)
  3 centaurs
  A crocodile (Lair:3)
  Blork the orc (D:6)
  7 giant frogs
  A gnoll sergeant (D:8)
  6 killer bees (D:8)
  3 crimson imps
  A quasit (D:8)
  A centaur zombie (D:8)
  2 jellies (D:6)
  An orc wizard (D:4)
  2 hounds (D:8)
  2 orc priests
  An iguana (Lair:3)
  A worker ant (D:10)
  10 sheep
  14 river rats
  13 gnolls
  7 adders
  An ooze (Sewer)
  An adder zombie (D:6)
  A worm (D:6)
  5 giant geckos (D:4)
  15 orcs
  3 ball pythons (Sewer)
  A goblin (D:2)
  2 quokkas (D:8)
  11 bats (D:10)
  A giant cockroach (D:5)
  A giant newt (D:2)
  9 jackals
  16 kobolds (Sewer)
  26 rats
  2 fungi (D:10)
  3 plants (Lair:3)
212 creatures vanquished.

Vanquished Creatures (others)
  A fungus (D:10)
1 creature vanquished.

Grand Total: 213 creatures vanquished

Notes
Turn   | Place    | Note
--------------------------------------------------------------
     0 | D:1      | 4thArraOfDagon the Deep Dwarf Berserker began the quest for the Orb.
     0 | D:1      | Reached XP level 1. HP: 20/20 MP: 1/1
   105 | D:4      | Found a glowing drain.
   114 | D:4      | Reached XP level 2. HP: 22/27 MP: 2/2
   194 | Sewer    | Entered a sewer
   311 | Sewer    | Reached ** piety under Trog
   311 | Sewer    | Reached skill level 4 in Axes
   311 | Sewer    | Reached XP level 3. HP: 33/33 MP: 3/3
   433 | Sewer    | Reached XP level 4. HP: 42/42 MP: 4/4
   537 | Sewer    | Reached *** piety under Trog
   675 | D:5      | Entered Level 5 of the Dungeon
   724 | D:5      | Reached skill level 5 in Axes
   726 | D:5      | Reached XP level 5. HP: 47/49 MP: 5/5
   794 | D:6      | Reached XP level 6. HP: 49/57 MP: 6/6
   796 | D:6      | Noticed Blork the orc
   810 | D:5      | Reached skill level 6 in Axes
   890 | D:4      | Noticed an orc wizard
   912 | D:4      | Killed an orc wizard
   995 | D:6      | Noticed a centaur
  1005 | D:6      | Killed Blork the orc
  1006 | D:6      | HP: 2/85 [centaur (7)]
  1022 | D:6      | Found Veuhagymis's Distillery.
  1035 | D:6      | Bought a potion of curing for 39 gold pieces
  1083 | D:6      | Killed a centaur
  1083 | D:6      | Reached XP level 7. HP: 37/64 MP: 7/7
  1153 | D:6      | Reached skill level 7 in Axes
  1254 | D:7      | Found an ancient bone altar of Kikubaaqudgha.
  1254 | D:7      | Found a blossoming altar of Fedhas.
  1312 | D:7      | Reached skill level 5 in Armour
  1341 | D:8      | Reached skill level 8 in Axes
  1341 | D:8      | Reached XP level 8. HP: 41/73 MP: 8/8
  1344 | D:8      | Reached skill level 5 in Fighting
  1483 | D:8      | Noticed a centaur skeleton
  1521 | D:8      | Noticed a two-headed ogre
  1525 | D:8      | Reached skill level 9 in Axes
  1527 | D:8      | Killed a centaur skeleton
  1535 | D:8      | Killed a two-headed ogre
  1539 | D:8      | Gained mutation: You passively map the area around you. [Deep Dwarf growth]
  1539 | D:8      | Reached XP level 9. HP: 56/82 MP: 9/9
  1662 | D:8      | Reached skill level 10 in Axes
  1792 | D:9      | Noticed Maurice
  1852 | D:10     | Entered Level 10 of the Dungeon
  1998 | D:10     | Found a staircase to the Lair.
  2019 | Lair:1   | Entered Level 1 of the Lair of Beasts
  2120 | Lair:2   | Noticed a komodo dragon
  2149 | Lair:2   | Reached skill level 11 in Axes
  2152 | Lair:2   | Killed a komodo dragon
  2199 | Lair:2   | Reached XP level 10. HP: 61/94 MP: 10/10
  2244 | Lair:3   | Noticed a six-headed hydra
  2262 | Lair:3   | Noticed a spiny frog
  2272 | Lair:3   | Identified a scroll of acquirement
  2273 | Lair:3   | Got an iridescent battleaxe
  2274 | Lair:3   | Identified the +1 battleaxe "Addi" {flame, rF+ Int+4} (You acquired it on level 3 of the Lair of Beasts)
  2289 | Lair:3   | Killed a one-headed hydra
  2289 | Lair:3   | Reached skill level 12 in Axes
  2290 | Lair:3   | Reached **** piety under Trog
  2296 | Lair:3   | Killed a spiny frog
  2367 | Lair:3   | Noticed a siren
  2388 | Lair:3   | Killed a siren
  2389 | Lair:3   | Noticed a siren
  2392 | Lair:3   | Killed a siren
  2393 | Lair:3   | Found a staircase to the Shoals.
  2393 | Lair:3   | Noticed a siren
  2395 | Lair:3   | Noticed a siren
  2400 | Lair:3   | Killed a siren
  2401 | Lair:3   | Killed a siren
  2456 | Shoals:1 | Entered Level 1 of the Shoals
  2465 | Shoals:1 | Reached skill level 13 in Axes
  2478 | Shoals:1 | Noticed a sea snake
  2497 | Shoals:1 | Killed a sea snake
  2555 | Shoals:1 | Noticed a manticore
  2560 | Shoals:1 | Killed a manticore
  2560 | Shoals:1 | Reached XP level 11. HP: 104/104 MP: 11/11
  2676 | Shoals:2 | Noticed a merfolk impaler
  2725 | Shoals:3 | Got a slimy arbalest
  2751 | Shoals:3 | Noticed a merfolk avatar
  2760 | Shoals:4 | Entered Level 4 of the Shoals
  2814 | Shoals:4 | Reached skill level 10 in Armour
  2815 | Shoals:4 | Reached skill level 14 in Axes
  2824 | Shoals:4 | Slain by a cyclops

Vault maps used:
D:1:      dpeg_arrival_sounds_slurp
D:2:      grunt_temple_overflow_open, first_bread, minmay_misc_feat_four_crosses
D:3:      lemuel_crystal_altar, cheibriados_altar_1, kennysheep_generic_room_12
D:4:      kennysheep_mini_moat, portal_sewer_entry_f, uniq_robin
D:5:      lemuel_coloured_pillars_altar, minmay_temple_entry_fiery
D:6:      wad_river_or_something, serial_shops, shop, serial_park_tiny_pond,
          minmay_item_behind_shaft, uniq_blork_the_orc
D:7:      kennysheep_seaside_town, grunt_temple_overflow_growth_and_decay,
          uniq_pikel
D:8:      nicolae_overflow_hidden_temple, due_unseen_surprise
D:9:      grunt_temple_overflow_diamond, special_room, grunt_ogre_cave,
          spider_trap, serial_bayou_lake_a, uniq_maurice
D:10:     grunt_lair_entry_elf_guard_hut, serial_shops, nicolae_shop_trees
D:11:     minmay_wavy_crystal
Lair:1:   beast_lair_carwin_1, uniq_erica
Lair:3:   elwin_shoals_entry_stream, serial_bayou_lagoon_a, minivault_11
Shoals:1: cheibrodos_shoals_oceanic_diplomacy
Shoals:4: shoals_end_simple, shoal_ilsuiw
Sewer:    sewer_minmay_treatment

Action                   |  1- 3 |  4- 6 |  7- 9 | 10-12 || total
-------------------------+-------+-------+-------+-------++-------
Melee: Hand axe          |    53 |   123 |   131 |       ||   307
       War axe           |       |       |   124 |    13 ||   137
       Battleaxe         |       |       |       |   135 ||   135
Invok: Berserk           |     6 |     5 |     9 |     5 ||    25
       Trog's Hand       |     1 |     4 |    13 |    15 ||    33
Evoke: Wand              |     1 |     4 |       |       ||     5
  Use: Potion            |     2 |       |     1 |     2 ||     5
       Scroll            |     4 |     4 |       |     4 ||    12
  Eat: Chunk             |     4 |     9 |    10 |     9 ||    32
       Bread ration      |       |       |     1 |       ||     1
       Beef jerky        |       |       |     1 |       ||     1
